 Dungeon Crawl Stone Soup version 0.24.1-8-ga250c9d538 (webtiles) character file.

Game seed: 4870260123593572849, levelgen mode: deterministic

200 Peloso the Skirmisher (level 5, -2/46 HPs)
             Began as a Ghoul Fighter on May 3, 2020.
             Slain by a black bear (4 damage)
             ... on level 3 of the Dungeon.
             The game lasted 00:06:44 (1471 turns).

Peloso the Skirmisher (Ghoul Fighter)               Turns: 1471, Time: 00:06:45

Health: -2/46      AC:  8    Str: 23    XL:     5   Next: 78%
Magic:  4/4        EV:  8    Int:  3    God:
Gold:   194        SH:  9    Dex:  9    Spells: 4/4 levels left

rFire    x . .     SeeInvis .   a - +1 long sword
rCold    + + .     Gourm    .   c - +0 shield
rNeg     + + +     Faith    .   b - +0 scale mail
rPois    ∞         Spirit   .   (no helmet)
rElec    .         Reflect  .   (no cloak)
rCorr    .         Harm     .   (no gloves)
MR       .....                  d - +0 pair of boots
Stlth    ..........             (no amulet)
HPRegen  0.00/turn              h - ring of ice
MPRegen  0.09/turn              o - +3 ring of strength

@: rotting, hasted, very quick
A: rotting body, claws 1, carnivore, cold resistance 1, negative energy
resistance 3, inhibited regeneration, torment resistance, unbreathing
a: no special abilities


You were on level 3 of the Dungeon.
You were not hungry.

You visited 1 branch of the dungeon, and saw 3 of its levels.

You collected 194 gold pieces.

Inventory:

Hand Weapons
 a - a +1 long sword (weapon)
Armour
 b - a +0 scale mail (worn)
 c - a +0 shield (worn)
 d - a +0 pair of boots (worn)
Jewellery
 h - a ring of ice (left claw)
 o - a +3 ring of strength (right claw)
Scrolls
 e - a scroll of remove curse
 g - a scroll of enchant weapon
 l - a scroll of teleportation
 m - a scroll of identify
Comestibles
 f - 3 rations


   Skills:
 + Level 3.8 Fighting
 + Level 3.7 Long Blades
 + Level 3.2 Armour
 + Level 1.0 Dodging
 + Level 3.6 Shields


You had 4 spell levels left.
You didn't know any spells.
Your spell library was empty.

Dungeon Overview and Level Annotations

Branches:
Dungeon (3/15)

Altars:


Innate Abilities, Weirdness & Mutations

Your body is rotting away.
You thrive on raw meat.
You are immune to poison.
You have sharp fingernails.
You are carnivorous and can eat meat at any time.
Your flesh is cold resistant. (rC+)
You are immune to negative energy. (rN+++)
You do not regenerate when monsters are visible.
You are immune to unholy pain and torment.
You can survive without breathing.


Message History

The black bear bites you but does no damage.
The black bear claws you. You block the black bear's attack.
Unknown command.
Your shield and scale mail prevent you from hitting the black bear.
The black bear is severely wounded.
The black bear completely misses you. You block the black bear's attack.
The black bear claws you.
* * * LOW HITPOINT WARNING * * *
The black bear bites you but does no damage.
The black bear closely misses you. The black bear claws you.
* * * LOW HITPOINT WARNING * * *
You barely miss the black bear.
The black bear is severely wounded.
The black bear bites you!
* * * LOW HITPOINT WARNING * * *
The black bear claws you but does no damage. x2
The black bear barely misses you. You block the black bear's attack.
The black bear claws you but does no damage.
You feel yourself speed up. The black bear bites you.
You die...

#...# #..###.##.## ###...##..#.#
#.##.# . ........# #.##.##.#
...##########...#.# ##...÷..###
................##.###.##.......
###...)..g.#.# #.#>##########
#.########.# #.## #.# #h# #.#
#.# ##@# #.# #.# #..# #.# #.#
#.## #.######### #.# #.#
#.........# .######.# #.#
#########.## ........# #(# #...#
#.#####.#######.## #...##
.................# #.....
#####.#.########.# ##.###


You could see a black bear (berserk).

Vanquished Creatures
  An orc priest (D:3)
  An orc wizard (D:3)
  Natasha (D:3)
  3 adders
  2 oozes
  2 dart slugs
  2 leopard geckos
  6 orcs (D:3)
  A ball python (D:1)
  7 bats
  A giant cockroach (D:2)
  9 goblins
  8 hobgoblins
  4 frilled lizards
  8 kobolds
  21 rats
77 creatures vanquished.

Notes
Turn   | Place    | Note
-------+----------+-------------------------------------------
     0 | D:1      | Peloso the Ghoul Fighter began the quest for the Orb.
     0 | D:1      | Reached XP level 1. HP: 19/19 MP: 0/0
   119 | D:1      | Reached XP level 2. HP: 15/26 MP: 1/1
   371 | D:1      | Reached XP level 3. HP: 21/29 MP: 2/2
   707 | D:2      | Reached XP level 4. HP: 35/35 MP: 3/3
  1184 | D:3      | Noticed Natasha
  1191 | D:3      | Killed Natasha
  1303 | D:3      | Reached skill level 1 in Dodging
  1303 | D:3      | Reached XP level 5. HP: 23/45 MP: 4/4
  1439 | D:3      | Noticed a black bear
  1470 | D:3      | HP: 2/46 [black bear (7)]
  1471 | D:3      | Slain by a black bear

Levels and vault maps discovered:
D:1:      wander_arrival_chamber, layout_rooms, hangedman_decor_lopped,
          st_stairs_9, moated_statue, minmay_rat_gold_closets
D:2:      layout_loops_cross
D:3:      layout_loops_ring, first_ration, uniq_natasha

Skill      XL: |  1  2  3  4 |
---------------+-------------+-----
Long Blades    | 2 3 |  3.7
Shields        | 3 |  3.6
Armour         | 3 |  3.2
Dodging        | 1 |  1.0
Fighting       | |  3.8

Action                   |  1- 3 |  4- 6 || total
-------------------------+-------+-------++-------
Melee: Long sword        |   115 |    99 ||   214
  Use: Potion            |     1 |     3 ||     4
       Scroll            |       |     5 ||     5
  Eat: Chunk             |       |    22 ||    22
Armor: Scale mail        |    54 |    58 ||   112
Dodge: Dodged            |    46 |    32 ||    78
Block: Shield            |    69 |    47 ||   116
       Rpst.: Long sword |    18 |     9 ||    27
